 Dungeon Crawl Stone Soup version 0.30-a0-897-ga2f19c967e (webtiles) character file.

Game seed: 10713934104007349610

19189 M4edhros the Martial Artist (level 12, -3/84 HPs)
             Began as an Octopode Artificer on Mar 17, 2023.
             Was a High Priest of Cheibriados.
             Slain by a cyclops (30 damage)
             ... on level 13 of the Dungeon on Mar 18, 2023.
             The game lasted 00:35:45 (5555 turns).

M4edhros the Martial Artist (Octopode Artificer)    Turns: 5555, Time: 00:35:45

Health: -3/84      AC:  1    Str: 31    XL:     12   Next: 66%
Magic:  20/20      EV: 27    Int: 27    God:    Cheibriados [*****.]
Gold:   612        SH:  6    Dex: 32    Spells: 14/22 levels left

rFire   . . .      SeeInvis .      - Unarmed
rCold   + . .      Faith    .    A - +0 buckler
rNeg    . . .      Spirit   .    (helmet restricted)
rPois   .          Reflect  .    (no amulet)
rElec   .          Rampage  .    k - +6 ring of strength
rCorr   .                        t - ring of protection from cold
Will    .....                    u - +5 ring of evasion
Stlth   ++++                     (no ring)
HPRegen 0.34/turn                (no ring)
MPRegen 0.17/turn                (no ring)
                                 (no ring)
                                 (no ring)

@: very slow
A: almost no armour, amphibious, 8 rings, camouflage 1, gelatinous body 1,
(nimble swimmer 1), tentacles
a: Renounce Religion, Bend Time, Temporal Distortion, Slouch, Step From Time


You were on level 13 of the Dungeon.
You worshipped Cheibriados.
Cheibriados was extremely pleased with you.
You visited 1 branch of the dungeon, and saw 13 of its levels.
You also visited: Bailey.

You collected 724 gold pieces.
You spent 112 gold pieces at shops.

Inventory:

Missiles
 n - 11 silver boomerangs (quivered)
 C - 3 poisoned darts
 I - 4 curare-tipped darts
Armour
 p - the +1 Delatra's gloves {ID++}
   (You found it on level 5 of the Dungeon)

   ID++:      It heals its wearer when they drink unknown potions, and restores
   their MP when they read unknown scrolls.
 A - a +0 buckler (worn)
Jewellery
 k - a +6 ring of strength (left tentacle)
 t - a ring of protection from cold (right tentacle)
 u - a +5 ring of evasion (on tentacle)
 J - the amulet "Guwkuit" {Faith Str+5}
   (You found it on level 12 of the Dungeon)

   [amulet of faith]

   It allows you to gain divine favour quickly.
   Str:       It affects your strength (+5).
Wands
 b - a wand of flame (29)
 d - a wand of iceblast (4)
 f - a wand of light (2)
 i - a wand of mindburst (4)
 G - a wand of paralysis (8)
Scrolls
 a - 4 scrolls of enchant weapon
 o - a scroll of torment
 q - a scroll of amnesia
 r - a scroll of teleportation
 s - 2 scrolls of fear
 v - a scroll of blinking
 z - 2 scrolls of magic mapping
 F - a scroll of fog
 H - a scroll of vulnerability
 L - a scroll of poison
Potions
 c - 2 potions of degeneration {unknown}
 e - 2 potions of attraction
 g - a potion of resistance
 h - 2 potions of cancellation
 j - 4 potions of curing
 l - 3 potions of ambrosia
 m - a potion of brilliance {unknown}
 w - 2 potions of might {unknown}
 x - 3 potions of mutation {unknown}
 B - 2 potions of lignification
 D - 2 potions of magic {unknown}
 E - 2 potions of flight
Miscellaneous
 y - a lightning rod (1/4)


   Skills:
 - Level 8.3 Fighting
 - Level 8.0 Dodging
 - Level 1.3 Stealth
 - Level 10.0 Unarmed Combat
 * Level 5.8 Spellcasting
 + Level 4.3 Conjurations
 * Level 6.4 Ice Magic
 + Level 6.7 Air Magic
 - Level 6.0 Invocations
 - Level 6.0 Evocations


You had 14 spell levels left.
You knew the following spells:

 Your Spells              Type           Power      Damage    Failure   Level
a - Kindle Blastsparks    Fire/Tloc/Air  40%        2d13      11%         3
b - Freezing Cloud        Conj/Ice/Air   19%        6-21      22%         5

Your spell library contained the following spells:

 Spells                   Type           Power      Damage    Failure   Level
 Swiftness                Air            44%        N/A       1%          3
 Kiss of Death            Conj/Necr      76%        2d11      3%          1
 Ensorcelled Hibernation  Hex/Ice        50%        N/A       3%          2
 Lesser Beckoning         Tloc           14%        N/A       14%         2
 Passwall                 Tmut/Erth      5%         N/A       14%         2
 Sublimation of Blood     Necr           7%         N/A       14%         2
 Confusing Touch          Hex            7%         N/A       26%         3
 Gell's Gravitas          Tloc           7%         N/A       26%         3
 Ignite Poison            Fire/Tmut/Pois 7%         N/A       26%         3
 Summon Guardian Golem    Hex/Summ       7%         N/A       26%         3
 Teleport Other           Tloc           7%         N/A       26%         3
 Dispel Undead            Necr           7%         3d8       65%         4
 Petrify                  Tmut/Erth      7%         N/A       65%         4
 Irradiate                Conj/Tmut      9%         3d14      71%         5
 Orb of Destruction       Conj           15%        9d7       100%        7
 Spellforged Servitor     Conj/Summ      9%         N/A       100%        7


Dungeon Overview and Level Annotations

Branches:
Dungeon (13/15)            Temple (0/1) D:6             Orc (0/2) D:11
 Bailey (visited)
   Lair: D:8-11      Vaults: D:13-14

Altars:
Cheibriados
Dithmenos
Elyvilon
Fedhas
Hepliaklqana
Kikubaaqudgha
Makhleb
Qazlal
Uskayaw
Xom

Shops:
D:4 (   D:6 =   D:7 ?   D:10 [


Innate Abilities, Weirdness & Mutations

You cannot wear most types of armour.
You are amphibious.
You can wear up to eight rings at the same time.
Your skin changes colour to match your surroundings (Stealth+).
Your rubbery body absorbs attacks. (AC +1, EV +1)
((You are camouflaged when in or above water. (Stealth+)))
You have tentacles for arms and can constrict up to eight enemies at once.


Message History

That beam is likely to hit you.
Continue anyway?
You are engulfed in freezing vapours.
You resist.
You hear a shout!
The cyan ugly thing is engulfed in freezing vapours.
The cyan ugly thing is engulfed in freezing vapours.
You closely miss the cyan ugly thing. You grab the cyan ugly thing.
The cyan ugly thing is severely wounded.
You constrict the cyan ugly thing.
The cyan ugly thing is engulfed in freezing vapours.
You kill the cyan ugly thing!
Cheibriados thoroughly appreciates the change of pace.
Unknown command.
You open the door.
There is an open door here.
Magic restored.
The cyclops throws a large rock.
The large rock hits you!!
There is an open door, spattered with blood here.
You see here an ugly thing corpse.
You start resting.
A cyclops is nearby!
The cyclops throws a large rock.
The large rock hits you!!
* * * LOW HITPOINT WARNING * * *
You see here an ugly thing corpse.
You feel better.
You feel better. The cyclops completely misses you.
You bludgeon the cyclops!
The cyclops is moderately wounded.
The cyclops closely misses you.
You tentacle-slap the cyclops.
You squeeze the cyclops, but do no damage.
The cyclops is heavily wounded.
You bludgeon the cyclops!
The cyclops is severely wounded.
The cyclops hits you!!
* * * LOW HITPOINT WARNING * * *
You feel much better.
You bludgeon the cyclops!
The cyclops is almost dead.
The cyclops hits you!!
You die...

#.........# #..........
#.......... #..........
#.......... #..........
#......C... ######
#C######
#.....#####.@....#
#.D............#.#
#............[.#.#
#.......)......#.#
#####..............#.#
..................<'.#
....#.####.........###
....+................>#
....#...#############.#


You could see a cyclops.

Vanquished Creatures
  A vault guard (Bailey)
  A boulder beetle (D:11)
  A two-headed ogre (D:9)
  Pikel (D:5)
  A deep elf pyromancer (D:12)
  A manticore (D:12)
  2 ugly things
  3 cyclopes
  2 unseen horrors
  A komodo dragon (D:11)
  A troll (D:11)
  Grinder (D:5)
  Prince Ribbit (D:7)
  3 hornets
  12 slime creatures
  Sigmund (D:4)
  A shadow (D:11)
  A wyvern (D:8)
  A wraith (D:13)
  Eustachio (D:6)
  9 yaks
  4 humans (Bailey)
  A steam dragon (D:7)
  6 vampire mosquitoes (D:11)
  Edmund (D:6)
  An acid dragon (D:9)
  A water moccasin (D:7)
  Duvessa (D:6)
  3 black bears
  2 ice beasts
  9 orc warriors
  An ogre (D:6)
  3 wolves
  A centaur (D:11)
  A lemure (D:5)
  13 bullfrogs
  A kobold brigand (D:9)
  2 gnoll sergeants (D:8)
  A scorpion (D:3)
  5 wights (D:9)
  Dowan (D:6)
  12 killer bees
  3 howler monkeys (D:7)
  2 electric eels (D:9)
  6 hounds
  A jelly (D:7)
  9 orc priests
  4 iguanas
  10 orc wizards
  3 centaur simulacra (D:9)
  Robin (D:3)
  13 gnolls
  5 adders
  A shadow imp (D:7)
  5 white imps
  2 ufetubi
  3 worms
  3 dart slugs
  40 orcs
  5 ball pythons
  18 bats
  4 endoplasms
  2 giant cockroaches
  14 hobgoblins
  2 jackals (D:8)
  6 kobolds
  3 quokkas
  3 frilled lizards (D:2)
  19 goblins
  6 rats
309 creatures vanquished.

Vanquished Creatures (collateral kills)
  A vault guard (Bailey)
  A blink frog (Bailey)
  A slime creature (D:12)
  A yak (D:7)
  A human (Bailey)
  3 gnolls
  A goblin (Bailey)
9 creatures vanquished.

Vanquished Creatures (others)
  A human (Bailey)
  An ogre (D:5)
  2 gnolls
  3 plants (D:4)
  2 withered plants (D:4)
9 creatures vanquished.

Grand Total: 327 creatures vanquished

Notes
Turn   | Place    | Note
-------+----------+-------------------------------------------
     0 | D:1      | M4edhros the Octopode Artificer began the quest for the
                  | Orb.
     0 | D:1      | Reached XP level 1. HP: 13/13 MP: 1/1
    43 | D:2      | Reached XP level 2. HP: 19/19 MP: 2/2
    48 | D:2      | Reached XP level 3. HP: 24/24 MP: 3/3
   107 | D:3      | Noticed a scorpion
   122 | D:3      | Killed a scorpion
   123 | D:3      | Reached XP level 4. HP: 20/31 MP: 4/4
   255 | D:4      | Reached skill level 1 in Unarmed Combat
   255 | D:4      | Reached XP level 5. HP: 14/36 MP: 5/5
   273 | D:4      | Noticed Sigmund
   277 | D:4      | Killed Sigmund
   278 | D:4      | Reached skill level 2 in Unarmed Combat
   278 | D:4      | Reached XP level 6. HP: 12/43 MP: 6/6
   399 | D:4      | Reached skill level 3 in Unarmed Combat
   490 | D:4      | Found a blossoming altar of Fedhas.
   493 | D:4      | Found an ancient bone altar of Kikubaaqudgha.
   543 | D:4      | Found a snail-covered altar of Cheibriados.
   553 | D:4      | Became a worshipper of Cheibriados the Contemplative
   580 | D:3      | Learned a level 3 spell: Kindle Blastsparks
   640 | D:3      | Noticed Robin
   685 | D:3      | Killed Robin
   735 | D:3      | Found a hazy altar of Hepliaklqana.
   735 | D:3      | Found a stormy altar of Qazlal.
   788 | D:2      | Reached * piety under Cheibriados
   789 | D:2      | Reached XP level 7. HP: 32/48 MP: 7/7
  1247 | D:2      | Reached ** piety under Cheibriados
  1352 | D:4      | Found a shadowy altar of Dithmenos.
  1364 | D:4      | Reached skill level 1 in Air Magic
  1404 | D:4      | Reached skill level 4 in Unarmed Combat
  1411 | D:4      | Found Ome Cinn's Weapon Shoppe.
  1440 | D:5      | Entered Level 5 of the Dungeon
  1480 | D:5      | Noticed Pikel
  1527 | D:5      | Killed Pikel
  1528 | D:5      | Reached skill level 5 in Dodging
  1528 | D:5      | Reached skill level 5 in Unarmed Combat
  1528 | D:5      | Reached XP level 8. HP: 16/54 MP: 8/8
  1600 | D:5      | Found a shimmering altar of Xom.
  1639 | D:5      | Noticed Grinder
  1645 | D:5      | Killed Grinder
  1646 | D:5      | Reached skill level 5 in Fighting
  1760 | D:5      | Reached *** piety under Cheibriados
  1761 | D:5      | Reached skill level 6 in Unarmed Combat
  1774 | D:5      | Found the +1 Delatra's gloves {ID++}
  1803 | D:5      | Upgraded the game from 0.30-a0-883-g5ad918d77d to
                  | 0.30-a0-897-ga2f19c967e
  1855 | D:6      | Found a white marble altar of Elyvilon.
  1892 | D:6      | Found a staircase to the Ecumenical Temple.
  1991 | D:7      | Reached XP level 9. HP: 42/61 MP: 9/9
  2084 | D:7      | Noticed Prince Ribbit
  2084 | D:7      | Noticed a hornet
  2088 | D:7      | Killed Prince Ribbit
  2089 | D:7      | Reached skill level 5 in Evocations
  2101 | D:7      | Killed a hornet
  2124 | D:7      | Found Emulup Xaips's Magic Scroll Shoppe.
  2148 | D:7      | Bought a scroll of blinking for 112 gold pieces
  2215 | D:7      | Reached skill level 7 in Unarmed Combat
  2497 | D:6      | Reached **** piety under Cheibriados
  2536 | D:6      | Noticed Duvessa
  2537 | D:6      | Noticed Dowan
  2542 | D:6      | Killed Duvessa
  2543 | D:6      | Reached XP level 10. HP: 65/69 MP: 10/10
  2573 | D:6      | Killed Dowan
  2627 | D:6      | Reached skill level 8 in Unarmed Combat
  2655 | D:6      | Found Hixt's Jewellery Emporium.
  2664 | D:6      | Noticed Eustachio
  2674 | D:6      | Killed Eustachio
  2675 | D:6      | Reached skill level 5 in Air Magic
  2679 | D:6      | Noticed Edmund
  2692 | D:6      | Killed Edmund
  2888 | D:8      | Found a flagged portal.
  2904 | Bailey   | Entered a bailey
  2978 | Bailey   | Reached skill level 9 in Unarmed Combat
  2980 | Bailey   | Reached ***** piety under Cheibriados
  3085 | Bailey   | Noticed a vault guard
  3098 | Bailey   | Noticed a vault guard
  3103 | Bailey   | Killed a vault guard
  3104 | Bailey   | Reached skill level 1 in Invocations
  3126 | Bailey   | Killed a vault guard
  3227 | D:8      | Found a hide-covered altar of Uskayaw.
  3237 | D:8      | Reached XP level 11. HP: 48/76 MP: 11/13
  3253 | D:8      | Reached skill level 10 in Unarmed Combat
  3618 | D:8      | Reached skill level 5 in Invocations
  3711 | D:9      | Noticed a two-headed ogre
  3719 | D:9      | Killed a two-headed ogre
  3816 | D:9      | Noticed a death yak
  3837 | D:9      | Learned a level 5 spell: Freezing Cloud
  3897 | D:9      | Reached skill level 1 in Ice Magic
  3900 | D:9      | Reached skill level 1 in Spellcasting
  3994 | D:9      | Reached skill level 1 in Conjurations
  4228 | D:10     | Entered Level 10 of the Dungeon
  4258 | D:10     | Found Oclilleym's Armour Emporium.
  4266 | D:10     | Found a burning altar of Makhleb.
  4268 | D:10     | Noticed a green death
  4465 | D:10     | Reached ****** piety under Cheibriados
  4560 | D:11     | Found a staircase to the Orcish Mines.
  4610 | D:11     | Noticed a boulder beetle
  4639 | D:11     | Killed a boulder beetle
  4732 | D:11     | Reached XP level 12. HP: 29/84 MP: 17/17
  4994 | D:12     | Reached skill level 5 in Ice Magic
  5076 | D:12     | Found a white marble altar of Elyvilon.
  5130 | D:12     | Reached skill level 5 in Spellcasting
  5140 | D:12     | Identified the amulet "Guwkuit" {Faith Str+5}
  5555 | D:13     | Slain by a cyclops

Illustrated notes

Levels and vault maps discovered:
D:1:      wander_arrival_lonely_grave, layout_loops_cross
D:2:      layout_basic
D:3:      layout_loops_cross, nicolae_overflow_two_pavilions, uniq_robin
D:4:      nicolae_BIG_FREAKIN_CUBE, layout_cave_pools,
          grunt_temple_overflow_growth_and_decay,
          nicolae_dithmenos_the_darkroom, kennysheep_slug_shrine, serial_shops,
          kennysheep_mini, uniq_sigmund
D:5:      layout_loops_ring, brannock_xom_greatest_gift,
          pf_guarded_unrand_delatra, uniq_grinder, uniq_pikel
D:6:      layout_gridville, amcnicky_altar_gilded,
          minmay_temple_entry_offerings, serial_shops,
          nicolae_shop_competitors_out_of_business, uniq_edmund, uniq_eustachio,
          uniq_duvessa
D:7:      layout_basic, serial_shops, nicolae_diamond_shop, uniq_prince_ribbit1
D:8:      layout_cave_pools, mainiacjoe_overflow_small_starburst,
          erik_lair_dragon, serial_gnoll_camp, gnoll_camp_mini_hut,
          gnoll_camp_mini_hut, gnoll_camp_mini_doghouse,
          gnoll_camp_mini_doghouse, enter_bailey_5, minmay_door_square,
          minmay_misc_feat_secret_circle, roderic_batcave
D:9:      layout_loops_corners, nemelex_xobeh_ov_fountains_minmay, serial_ice,
          serial_ice_i, serial_ice_m, serial_ice_e, serial_ice_g, serial_ice_c,
          serial_ice_n
D:10:     layout_irregular_city, makhleb_altar_promises_db, serial_shops,
          nicolae_stop_n_shop_2, nicolae_shop_crystal
D:11:     layout_rooms, david_orc_2
D:12:     layout_cave_pools, elyvilon_altar_5
D:13:     layout_basic

Skill      XL: |  1  2  3  4  5  6  7  8  9 10 11 12 |
---------------+-------------------------------------+-----
Fighting       | 2 3 4 5 6 7 8 |  8.3
Dodging        | 3 4 5 6 8 |  8.0
Unarmed Combat | 1 2 3 5 6 7 9 10 | 10.0
Air Magic      | 2 3 4 5 6 |  6.7
Evocations     | 4 6 |  6.0
Invocations    | 2 6 |  6.0
Ice Magic      | 4 6 |  6.4
Spellcasting   | 3 5 |  5.8
Conjurations   | 2 4 |  4.3
Stealth        | |  1.3

Action                     |  1- 3 |  4- 6 |  7- 9 | 10-12 || total
---------------------------+-------+-------+-------+-------++-------
  Melee: Unarmed           |    19 |   122 |   165 |   361 ||   667
         Constrict         |     5 |    36 |    52 |    64 ||   157
         Tentacles         |     4 |    36 |    53 |   114 ||   207
         Punch             |       |     7 |     8 |    28 ||    43
  Throw: Boomerang         |       |       |       |     6 ||     6
   Cast: Kindle Blastspark |       |       |       |     8 ||     8
         Freezing Cloud    |       |       |       |     1 ||     1
 Invoke: Slouch            |       |       |       |     5 ||     5
  Evoke: Wand              |    10 |    10 |    24 |    23 ||    67
         Lightning rod     |       |       |       |     7 ||     7
    Use: Potion            |       |     2 |     3 |     5 ||    10
         Scroll            |       |     7 |     8 |     5 ||    20
   Stab: Sleeping          |       |     5 |     8 |     8 ||    21
         Betrayed ally     |       |       |     1 |       ||     1
         Paralysed         |       |       |       |    19 ||    19
 Armour: Skin              |     1 |     5 |     4 |     5 ||    15
  Dodge: Dodged            |    14 |    60 |   117 |   264 ||   455
  Block: Buckler           |       |       |       |    63 ||    63

Table legend: (Time is in decaauts)
 A = Elapsed time spent in this place.
 B = Non-inter-level travel time spent in this place.
 C = Inter-level travel time spent in this place.
 D = Time resting spent in this place.
 E = Time spent auto-exploring this place.
 F = Levels seen in this place.
 G = Mean time per level.
                   A        B        C        D        E       F      G
               +--------+--------+--------+--------+--------+-----+--------+
         Total |   8453 |   7901 |    552 |      6 |    108 |  14 |  603.8 |
       Dungeon |   8067 |   7515 |    552 |      6 |    108 |  13 |  620.5 |
        Bailey |    385 |    385 |      0 |      0 |      0 |   1 |  385.0 |
               +--------+--------+--------+--------+--------+-----+--------+

Top non-repeatable levels by time:
     D:9: 958 daAuts
     D:8: 949 daAuts
     D:7: 851 daAuts
     D:6: 719 daAuts
    D:13: 630 daAuts
    D:12: 630 daAuts
     D:5: 561 daAuts
    D:10: 556 daAuts
    D:11: 503 daAuts
     D:4: 496 daAuts
     D:1: 434 daAuts
     D:3: 397 daAuts
  Bailey: 385 daAuts
     D:2: 377 daAuts
